 Dungeon Crawl Stone Soup version 0.27.1-34-g3ba077fa99 (webtiles) character file.

Game seed: 4834975558652087709

108 growler the Digger (level 5, -1/35 HPs)
             Began as a Human Earth Elementalist on Jan 13, 2022.
             Slain by a goblin (3 damage)
             ... led by Robin
             ... on level 3 of the Dungeon.
             The game lasted 00:05:26 (1776 turns).

growler the Digger (Human Earth Elementalist)       Turns: 1776, Time: 00:05:26

Health: -1/35      AC:  2    Str:  8    XL:     5   Next: 12%
Magic:  1/9        EV: 12    Int: 16    God:
Gold:   125        SH:  0    Dex: 14    Spells: 4/10 levels left

rFire    . . .     SeeInvis .   g - +0 dagger (elec)
rCold    . . .     Faith    .   (no shield)
rNeg     . . .     Spirit   .   b - +0 robe
rPois    .         Reflect  .   (no helmet)
rElec    .         Harm     .   (no cloak)
rCorr    .         Rampage  .   (no gloves)
Will     .....                  (no boots)
Stlth    ++........             (no amulet)
HPRegen  0.11/turn              (no ring)
MPRegen  0.11/turn              (no ring)

@: no status effects
A: no striking features
a: no special abilities


You were on level 3 of the Dungeon.
You visited 1 branch of the dungeon, and saw 3 of its levels.

You collected 125 gold pieces.

Inventory:

Hand Weapons
 g - a +0 dagger of electrocution (weapon)
   (You took it off a goblin on level 1 of the Dungeon)
Missiles
 c - 13 stones
Armour
 b - a +0 robe (worn)
Jewellery
 o - a ring of protection from cold
   (You found it on level 2 of the Dungeon)
Scrolls
 d - a scroll of teleportation {@r4}
 f - a scroll of amnesia {unknown}
 h - a scroll of silence {unknown}
 i - a scroll of immolation {!r}
 m - a scroll of fear {unknown}
Potions
 a - a potion of attraction {unknown}
 e - 3 potions of might {unknown}
 p - 2 potions of mutation {!q}


   Skills:
 - Level 2.0 Dodging
 - Level 2.0 Stealth
 + Level 3.2 Spellcasting
 + Level 1.5 Conjurations
 - Level 1.0 Transmutations
 + Level 4.1 Earth Magic


You had 4 spell levels left.
You knew the following spells:

 Your Spells              Type           Power      Damage    Failure   Level
a - Sandblast             Erth           30%        2d9       3%          1
q - Passwall              Tmut/Erth      8%         N/A       10%         2
x - Stone Arrow           Conj/Erth      22%        3d8       17%         3

Your spell library contained the following spells:

 Spells                   Type           Power      Damage    Failure   Level
 Petrify                  Tmut/Erth      10%        N/A       54%         4


Dungeon Overview and Level Annotations

Branches:
Dungeon (3/15)

Altars:


Message History

As you read the scroll labelled DOUBRU FAF WITE, it crumbles to dust.
The creatures around you are filled with an inner flame!
It was a scroll of immolation.
The hobgoblin no longer looks unusually strong.
The goblin no longer looks unusually strong.
The goblin hits you but does no damage.
The hobgoblin hits you but does no damage.
The goblin completely misses you.
The goblin hits you but does no damage. x2
The hobgoblin hits you but does no damage.
As you read the scroll labelled VINIGU EBYGI, it crumbles to dust.
You feel a strange sense of stasis.
It was a scroll of teleportation.
The goblin hits you but does no damage.
The hobgoblin hits you but does no damage.
The goblin hits you but does no damage. x2; The goblin barely misses you.
The hobgoblin hits you but does no damage.
As you read the scroll labelled APIEPO IK PYEKH, it crumbles to dust.
It is a scroll of brand weapon.
Your +0 dagger crackles with electricity.
g - a +0 dagger of electrocution (weapon)
The goblin hits you but does no damage.
The hobgoblin hits you but does no damage.
The goblin hits you but does no damage. x3
The hobgoblin hits you but does no damage.
As you read the scroll labelled BIOMIZ AJIGEDI, it crumbles to dust.
You hear a loud clanging noise!
It was a scroll of noise.
You feel less wooden.
Your +0 robe unmelds from your body.
You hear an angry hiss.
You hear a shout! x2
The goblin barely misses you. The hobgoblin barely misses you.
The goblin misses you. x2; The goblin hits you with a +0 dagger.
* * * LOW HITPOINT WARNING * * *
The hobgoblin hits you.
* * * LOW HITPOINT WARNING * * *
As you read the scroll labelled DARAET UHALU, it crumbles to dust.
The scroll dissolves into smoke.
It was a scroll of fog.
The goblin hits you with a +0 dagger.
* * * LOW HITPOINT WARNING * * *
The hobgoblin hits you.
* * * LOW HITPOINT WARNING * * *
The goblin closely misses you. The goblin hits you with a +0 dagger.
* * * LOW HITPOINT WARNING * * *
The goblin closely misses you. The hobgoblin barely misses you.
As you read the scroll labelled MEQANU WADYGE, it crumbles to dust.
It is a scroll of identify.
p - 2 potions of mutation The goblin hits you with a +0 dagger.
* * * LOW HITPOINT WARNING * * *
The hobgoblin completely misses you. The goblin hits you with a +0 dagger.
You die...

#. #.
#.########
####........#
........<...#
.......§.§..#
......§§.§§.#
......§ggg§.#
.....#§g@#.##
... #§gg# # .
#.§.. #.#.##
#.... ####.
.. ..


You could see 2 hobgoblins and 4 goblins.

Vanquished Creatures
  A hound (D:2)
  Robin (D:3)
  3 adders (D:2)
  A worm (D:2)
  A bat (D:1)
  3 endoplasms
  10 goblins
  3 hobgoblins
  2 jackals (D:2)
  A kobold (D:1)
  A quokka (D:2)
  5 ball pythons
  2 frilled lizards (D:2)
  4 rats
38 creatures vanquished.

Notes
Turn   | Place    | Note
-------+----------+-------------------------------------------
     0 | D:1      | growler the Human Earth Elementalist began the quest for
                  | the Orb.
     0 | D:1      | Reached XP level 1. HP: 13/13 MP: 3/3
   241 | D:1      | Reached XP level 2. HP: 19/19 MP: 3/5
   454 | D:1      | Learned a level 2 spell: Passwall
   874 | D:2      | Reached XP level 3. HP: 24/24 MP: 2/7
   927 | D:2      | Learned a level 3 spell: Stone Arrow
  1144 | D:2      | Reached skill level 1 in Conjurations
  1144 | D:2      | Reached XP level 4. HP: 14/30 MP: 4/8
  1354 | D:2      | Reached skill level 4 in Earth Magic
  1557 | D:2      | Found a faded altar of an unknown god.
  1748 | D:3      | Noticed Robin
  1756 | D:3      | Killed Robin
  1757 | D:3      | Reached XP level 5. HP: 35/35 MP: 0/9
  1776 | D:3      | Slain by a goblin

Illustrated notes

Levels and vault maps discovered:
D:1:      ebering_hopf_link, layout_rooms
D:2:      layout_loops_ring, shapermc_ecumenical_altar_pompeii
D:3:      layout_basic, mainiacjoe_overflow_brackets,
          chequers_temple_overflow_statue_of_worship, uniq_natasha, uniq_robin

Skill      XL: |  1  2  3  4 |
---------------+-------------+-----
Spellcasting   | 3 |  3.2
Conjurations   | 1 |  1.5
Earth Magic    | 4 |  4.1
Dodging        | |  2.0
Stealth        | |  2.0
Transmutations | |  1.0

Action                   |  1- 3 |  4- 6 || total
-------------------------+-------+-------++-------
Melee: Dagger            |    19 |    29 ||    48
 Cast: Sandblast         |    35 |    15 ||    50
  Use: Scroll            |       |     6 ||     6
 Stab: Sleeping          |     1 |       ||     1
Armor: Robe              |     7 |     2 ||     9
       Skin              |       |    68 ||    68
Dodge: Dodged            |    17 |    24 ||    41
